 Dungeon Crawl Stone Soup version 0.18.1-8-gdd0e5ea (webtiles) character file.

238 Liquid the Skirmisher (level 6, -1/48 HPs)
             Began as a Human Fighter on June 3, 2016.
             Killed from afar by an adder (31 damage)
             ... with an exploding inner flame
             ... hexed by the player character
             ... on level 4 of the Dungeon.
             The game lasted 00:05:28 (2596 turns).

Liquid the Skirmisher (Human Fighter)               Turns: 2596, Time: 00:05:29

Health: -1/48      AC: 11    Str: 18    XL:     6   Next: 28%
Magic:  6/6        EV: 10    Int:  9    God:
Gold:   187        SH: 10    Dex: 17    Spells: 0 memorised, 5 levels left

rFire  . . .     SeeInvis .     a - +0 trident
rCold  . . .     Gourm    .     k - +0 chain mail
rNeg   . . .     Faith    .     c - +0 shield
rPois  .         Spirit   .     (no helmet)
rElec  .         Dismiss  .     (no cloak)
rCorr  .         Reflect  .     q - +1 pair of gloves {archery}
SustAt .         Harm     .     (no boots)
MR     .....                    (no amulet)
Stlth  ..........               (no ring)
                                (no ring)

@: agile, lethally poisoned (-1 -> -12), not resistant to hostile enchantments,
extremely unstealthy
A: no striking features
a: no special abilities


You were on level 4 of the Dungeon.
You were hungry.

You visited 1 branch of the dungeon, and saw 4 of its levels.

You collected 187 gold pieces.

Inventory:

Hand Weapons
 a - a +0 trident (weapon)
Missiles
 i - a throwing net (quivered)
Armour
 b - a +0 scale mail
 c - a +0 shield (worn)
 k - a +0 chain mail (worn)
 q - a +1 pair of gloves of archery (worn)
Jewellery
 p - an uncursed ring of ice
 r - a cursed amulet of inaccuracy {unknown}
Scrolls
 j - 4 scrolls of identify {unknown}
 o - a scroll of recharging
Potions
 d - a potion of curing
Comestibles
 f - 4 bread rations
 g - 2 meat rations
 s - a royal jelly
 u - a slice of pizza


   Skills:
 + Level 4.3 Fighting
 * Level 4.0 Polearms
 + Level 3.6 Armour
 + Level 3.9 Shields


You had 5 spell levels left.
You didn't know any spells.

Dungeon Overview and Level Annotations

Branches:
Dungeon (4/15)
 Temple: D:4-7

Altars:
Ashenzari
Nemelex Xobeh

Annotations:
D:4 Pikel


Message History

The adder is almost dead.
You feel sick. You block the adder's attack. The scorpion barely misses you.
The adder bites you.
You are more poisoned.
The adder poisons you!
Unknown command.
You miss the adder.
The adder is almost dead.
You feel sick. The adder barely misses you. You block the scorpion's attack.
Unknown command.
You miss the adder.
The adder is almost dead.
You feel sick. The adder barely misses you. The scorpion closely misses you.
The adder bites you but does no damage.
Unknown command.
You puncture the adder!
The adder explodes!
The fiery explosion engulfs you!
Ouch! That really hurt!
You die...

###.#######...........## #...#
####......<.## #.###
#..........# #.# #..........#
##.# #..........# #..#
##........... #.##
............<#
###.##.########pp...........##
#.........ops@§Ka..##........
..#...#.##########..#######.##
#...#...# #. ###...... ##
####... .... ###..p ..


You could see Pikel (inner flame), 2 slaves and a scorpion (inner flame).

Vanquished Creatures
  A howler monkey (D:4)
  A hound (D:4)
  2 orc wizards (D:3)
  5 adders
  2 worms
  2 dart slugs
  4 giant geckos
  7 orcs (D:3)
  2 giant cockroaches
  6 goblins
  3 hobgoblins
  2 jackals
  8 kobolds
  3 quokkas
  8 bats
  3 giant newts (D:2)
  4 rats
63 creatures vanquished.

Notes
Turn   | Place    | Note
--------------------------------------------------------------
     0 | D:1      | Liquid the Human Fighter began the quest for the Orb.
     0 | D:1      | Reached XP level 1. HP: 18/18 MP: 1/1
   151 | D:1      | Reached XP level 2. HP: 24/24 MP: 2/2
   518 | D:1      | Reached XP level 3. HP: 29/29 MP: 3/3
  1060 | D:2      | Found a sparkling altar of Nemelex Xobeh.
  1168 | D:2      | Reached XP level 4. HP: 35/37 MP: 4/4
  1803 | D:3      | Reached XP level 5. HP: 2/42 MP: 5/5
  2528 | D:4      | Found a shattered altar of Ashenzari.
  2540 | D:4      | Reached XP level 6. HP: 48/48 MP: 6/6
  2570 | D:4      | Noticed a slave
  2580 | D:4      | Noticed a slave
  2581 | D:4      | Noticed a slave
  2582 | D:4      | Noticed Pikel
  2583 | D:4      | Noticed a slave
  2596 | D:4      | Killed from afar by an adder

Skill      XL: |  1  2  3  4  5  6 |
---------------+-------------------+-----
Fighting       | 4 |  4.3
Polearms       | 3 4 |  4.0
Armour         | |  3.6
Shields        | |  3.9

Action                   |  1- 3 |  4- 6 || total
-------------------------+-------+-------++-------
Melee: Trident           |   118 |   158 ||   276
Throw: Throwing net      |       |     1 ||     1
  Use: Potion            |       |     6 ||     6
       Scroll            |       |     4 ||     4
  Eat: Chunk             |     1 |     4 ||     5
Armor: Scale mail        |     4 |       ||     4
       Chain mail        |    75 |    80 ||   155
Dodge: Dodged            |    23 |    27 ||    50
Block: Shield            |    60 |    88 ||   148
